 Dungeon Crawl Stone Soup version 0.29-a0-23-ga79f92ac9c (webtiles) character file.

Game seed: 3040517297893862664

5 HallandMoats the Ruffian (level 1, 19/19 HPs)
             Began as a Ghoul Monk on Jan 30, 2022.
             Was a Believer of Kikubaaqudgha.
             Safely got out of the dungeon.
             The game lasted 00:01:10 (768 turns).

HallandMoats the Ruffian (Ghoul Monk)                Turns: 768, Time: 00:01:11

Health: 19/19      AC:  2    Str: 14    XL:     1   Next: 80%
Magic:  0/0        EV: 12    Int:  5    God:    Kikubaaqudgha [**....]
Gold:   19         SH:  0    Dex: 11    Spells: 0/0 levels left

rFire   . . .      SeeInvis .     - Unarmed
rCold   + . .      Faith    .   (no shield)
rNeg    + + +      Spirit   .   a - +0 robe
rPois   ∞          Reflect  .   (no helmet)
rElec   .          Harm     .   (no cloak)
rCorr   .          Rampage  .   (no gloves)
Will    .....                   (no boots)
Stlth   ++........              (no amulet)
HPRegen 0.06/turn               (no ring)
MPRegen 0.07/turn               (no ring)

@: no status effects
A: claws 1, cold resistance 1, negative energy resistance 3, inhibited
regeneration, torment resistance 2
a: Renounce Religion, Receive Corpses


You escaped.
You worshipped Kikubaaqudgha.
Kikubaaqudgha was pleased with you.
You visited 1 branch of the dungeon, and saw 1 of its levels.

You collected 19 gold pieces.

Inventory:

Armour
 a - a +0 robe (worn)
Scrolls
 c - a scroll of identify {unknown}
Potions
 b - 2 potions of curing {unknown}


   Skills:
 + Level 3.4 Fighting
 + Level 0.3 Armour
 + Level 2.8 Dodging
 - Level 2.1 Stealth
 + Level 3.4 Unarmed Combat


You couldn't memorise any spells.
You didn't know any spells.
Your spell library contained the following spells:

 Spells                   Type           Power      Damage    Failure   Level
 Animate Skeleton         Necr           0%         N/A       47%         1
 Pain                     Necr           0%         1d4       47%         1
 Corpse Rot               Necr/Air       0%         N/A       63%         2
 Agony                    Necr           0%         N/A       100%        5


Dungeon Overview and Level Annotations

Branches:
Dungeon (1/15)

Altars:
Kikubaaqudgha


Innate Abilities, Weirdness & Mutations

You thrive by killing the living.
You are immune to poison.
You have sharp fingernails.
Your flesh is cold resistant. (rC+)
You are immune to negative energy. (rN+++)
You do not regenerate when monsters are visible.
You are immune to unholy pain and torment.


Message History

The bat hits you but does no damage. The bat completely misses you.
Your unstable footing causes you to fumble your attack.
The bat barely misses you. The bat hits you but does no damage.
The bat closely misses you.
Your unstable footing causes you to fumble your attack.
The bat closely misses you. The bat hits you but does no damage.
The bat misses you. The bat hits you.
You scratch the bat.
You kill the bat!
No target in view!
No target in view!
No target in view!
Why would you want to do that?
You enter the shallow water.
Moving in this stuff is going to be slow.
There is a faded altar of an unknown god here.
You cannot tell which god this altar belongs to.
Convert to them anyway?
Kikubaaqudgha accepts your prayer! Kikubaaqudgha welcomes you!
You can now receive cadavers from Kikubaaqudgha.
Kikubaaqudgha grants you a gift!
You add the spells Animate Skeleton, Pain, Corpse Rot and Agony to your library.
Kikubaaqudgha is now protecting you from necromantic miscasts and death curses.
Unknown command.
Press < or > to pray at altars.
Unknown command.
Press < or > to pray at altars.
(D) Dungeon
Where to? (? - help)
What level of the Dungeon? (default 1, ? - help)
You enter the shallow water.
Moving in this stuff is going to be slow.
There is an open door here.
You open the door.
There is an open door here.
You see here a +0 leather armour.
There is a staircase leading out of the dungeon here.
Are you sure you want to leave the Dungeon?
This will make you lose the game!
You have escaped!

##...####'##
##..###.. #####.#+##
#..#..#. ##....###
##...##. ##...#...##
##.#... #...###...##
####.# #..#####...##
##....
##...####...###.....
#.....#.#..###...###
#..@..##..#..#..## #
##...##...###.[.## #
########.##.....###
##....#.....
#######.... ### ##'#
###.. #####.# #'##
#..#
##...#.######..#
##..
#..⌠...........###
##..


There were no monsters in sight!

Vanquished Creatures
  A goblin (D:1)
  A kobold (D:1)
  A ball python (D:1)
  A bat (D:1)
  A frilled lizard (D:1)
  A rat (D:1)
6 creatures vanquished.

Notes
Turn   | Place    | Note
-------+----------+-------------------------------------------
     0 | D:1      | HallandMoats the Ghoul Monk began the quest for the Orb.
     0 | D:1      | Reached XP level 1. HP: 19/19 MP: 0/0
   645 | D:1      | Found a faded altar of an unknown god.
   669 | D:1      | Prayed at the altar of an unknown god.
   669 | D:1      | Became a worshipper of Kikubaaqudgha
   669 | D:1      | Reached * piety under Kikubaaqudgha
   669 | D:1      | Received a gift from Kikubaaqudgha
   669 | D:1      | Reached ** piety under Kikubaaqudgha
   768 | D:$      | Safely got out of the dungeon.

Illustrated notes

Levels and vault maps discovered:
D:1:      dpeg_cavernosity, layout_basic,
          shapermc_ecumenical_altar_starsandcircs, roderic_filled_cross

Action                   || total
-------------------------++-------
Melee: Unarmed           ||    21
Armor: Robe              ||     5
Dodge: Dodged            ||    13

Table legend: (Time is in decaauts)
 A = Elapsed time spent in this place.
 B = Non-inter-level travel time spent in this place.
 C = Inter-level travel time spent in this place.
 D = Time resting spent in this place.
 E = Time spent auto-exploring this place.
 F = Levels seen in this place.
 G = Mean time per level.
                   A        B        C        D        E       F      G
               +--------+--------+--------+--------+--------+-----+--------+
         Total |    772 |    674 |     98 |      0 |    608 |   1 |  772.0 |
       Dungeon |    772 |    674 |     98 |      0 |    608 |   1 |  772.0 |
               +--------+--------+--------+--------+--------+-----+--------+

Top non-repeatable levels by time:
     D:1: 772 daAuts
